 Dungeon Sprint DCSS version 0.19.1 (webtiles) character file.

1876 Groucho the Demonic Catastrophe (level 8, -2/61 HPs)
             Began as a Demonspawn Monk on Dec 16, 2016.
             Was an Elder of Qazlal.
             Slain by a tengu warrior
             ... wielding a +0 great sword
              (16 damage)
             ... in the Dungeon (Sprint IX: "|||||||||||||||||||||||||||||").
             The game lasted 00:02:42 (487 turns).

Groucho the Demonic Catastrophe (Demonspawn Monk)    Turns: 487, Time: 00:02:42

Health: -2/61      AC: 14    Str: 14    XL:     8   Next: 91%
Magic:  5/20       EV: 13    Int: 11    God:    Qazlal [****..]
Gold:   0          SH:  5    Dex: 16    Spells: 0 memorised, 7 levels left

rFire  . . .     SeeInvis .     a - +0 spear
rCold  . . .     Gourm    .     p - +1 chain mail
rNeg   . . .     Faith    .     (no shield)
rPois  .         Spirit   .     l - +0 helmet
rElec  .         Reflect  .     (no cloak)
rCorr  .         Harm     .     (no gloves)
MR     .....     NoTele   +     m - +0 pair of boots
Stlth  ..........               (no amulet)
                                o - +2 ring of protection
                                n - +2 ring of evasion

@: barbed spikes, repel missiles
A: hooves 2, repulsion field 2, demonic guardian 1
a: Upheaval, Elemental Force, Renounce Religion


You were in the Dungeon.
You worshipped Qazlal.
Qazlal was greatly pleased with you.
You were not hungry.

You visited 1 branch

Inventory:

Hand Weapons
 a - a +0 spear (weapon)
Armour
 b - a +0 robe
 l - a +0 helmet (worn)
 m - a +0 pair of boots (worn)
 p - a +1 chain mail (worn)
Jewellery
 n - a +2 ring of evasion (left hand)
 o - a +2 ring of protection (right hand)
Wands
 k - a wand of acid (2/15)
Scrolls
 h - 3 scrolls of remove curse
 i - 2 scrolls of blinking
 j - 2 scrolls of amnesia
Potions
 d - 4 potions of curing
 g - 3 potions of magic
Comestibles
 c - a bread ration


   Skills:
 - Level 4.4 Fighting
 * Level 12.8 Polearms
 - Level 2.7 Armour
 - Level 4.1 Dodging
 - Level 1.7 Stealth
 * Level 16.0 Invocations


You had 7 spell levels left.
You didn't know any spells.

Dungeon Overview and Level Annotations

Branches:
Dungeon (1/1)

Altars:
Cheibriados
Dithmenos
Elyvilon
Fedhas
Gozag
Hepliaklqana
Kikubaaqudgha
Makhleb
Nemelex Xobeh
Okawaru
Qazlal
Ru
Sif Muna
Trog
Uskayaw
Vehumet
Xom
Yredelemnul
Zin
The Shining One
Beogh
Jiyva
Lugonu


Innate Abilities, Weirdness & Mutations

You have hoof-like feet.
You are surrounded by a moderate repulsion field. (EV +3)
A weak demonic guardian rushes to your aid.


Message History

The tengu warrior is almost dead.
The tengu warrior hits you with a great sword!!
* * * LOW HITPOINT WARNING * * *
You block the tengu warrior's attack.
The tengu warrior claws you but does no damage.
You closely miss the tengu warrior.
The tengu warrior is almost dead.
You closely miss the tengu warrior.
The tengu warrior is almost dead.
The tengu warrior hits you with a great sword!
* * * LOW HITPOINT WARNING * * *
The tengu warrior pecks you but does no damage.
The tengu warrior claws you but does no damage.
Unknown command.
You hit the tengu warrior.
The tengu warrior is almost dead.
Unknown command.
You feel better.
The tengu warrior hits you with a great sword!
You die... ▓▓▓▓▓▓▓▓▓▓▓▓▓▓▓▓▓▓▓▓▓▓▓▓ ...)†)Q@5..÷.......)|..' ▓▓▓▓▓▓▓▓▓▓▓▓▓▓▓▓▓▓▓▓▓▓▓▓

You could see a tengu warrior and a friendly ufetubus.

Vanquished Creatures
  An unseen horror (D)
  A hill giant (D)
  A manticore (D)
  A hippogriff (D)
  A hungry ghost (D)
  A black bear (D)
  A bullfrog (D)
  A wight (D)
  A jelly (D)
  2 adders (D)
  A shadow imp (D)
  An adder skeleton (D)
  A dart slug (D)
  A bat skeleton (D)
  A bat zombie (D)
  3 jackals (D)
  A kobold (D)
  A rat (D)
21 creatures vanquished.

Notes
Turn   | Place    | Note
-------+----------+-------------------------------------------
     0 | D        | Groucho the Demonspawn Monk began the quest for the Orb.
     0 | D        | Reached XP level 1. HP: 18/18 MP: 1/1
    12 | D        | Reached skill level 1 in Armour
    39 | D        | Noticed a jelly
    43 | D        | Killed a jelly
    43 | D        | Gained mutation: You have large cloven feet. [demonic ancestry]
    43 | D        | Reached XP level 2. HP: 18/25 MP: 2/2
    43 | D        | Reached XP level 3. HP: 23/30 MP: 3/3
    47 | D        | Reached skill level 5 in Polearms
    62 | D        | Found a roughly hewn altar of Beogh.
    62 | D        | Found a snail-covered altar of Cheibriados.
    62 | D        | Found a shadowy altar of Dithmenos.
    62 | D        | Found a white marble altar of Elyvilon.
    62 | D        | Found a blossoming altar of Fedhas.
    62 | D        | Found an opulent altar of Gozag.
    63 | D        | Found a hazy altar of Hepliaklqana.
    64 | D        | Found a viscous altar of Jiyva.
    65 | D        | Found an ancient bone altar of Kikubaaqudgha.
    66 | D        | Found a corrupted altar of Lugonu.
    67 | D        | Found a burning altar of Makhleb.
    68 | D        | Found a sparkling altar of Nemelex Xobeh.
    69 | D        | Found an iron altar of Okawaru.
    70 | D        | Found a stormy altar of Qazlal.
    71 | D        | Found a sacrificial altar of Ru.
    72 | D        | Found a deep blue altar of Sif Muna.
    73 | D        | Found a bloodstained altar of Trog.
    74 | D        | Found a hide-covered altar of Uskayaw.
    75 | D        | Found a radiant altar of Vehumet.
    76 | D        | Found a shimmering altar of Xom.
    77 | D        | Found a basalt altar of Yredelemnul.
    78 | D        | Became a worshipper of Qazlal Stormbringer
    78 | D        | Reached * piety under Qazlal
    78 | D        | Reached ** piety under Qazlal
    79 | D        | Found a glowing silver altar of Zin.
    80 | D        | Found a glowing golden altar of the Shining One.
   134 | D        | Noticed a hungry ghost
   134 | D        | Noticed a black bear
   134 | D        | Noticed a bullfrog
   148 | D        | Killed a bullfrog
   148 | D        | Reached skill level 5 in Invocations
   148 | D        | Gained mutation: You are surrounded by a mild repulsion field. (EV +2) [demonic ancestry]
   148 | D        | Reached XP level 4. HP: 18/38 MP: 3/7
   161 | D        | Killed a black bear
   161 | D        | Reached skill level 8 in Invocations
   161 | D        | Reached XP level 5. HP: 12/43 MP: 4/11
   164 | D        | Reached *** piety under Qazlal
   165 | D        | Killed a hungry ghost
   165 | D        | Reached skill level 10 in Invocations
   165 | D        | Gained mutation: A weak demonic guardian rushes to your aid. [demonic ancestry]
   165 | D        | Reached XP level 6. HP: 45/49 MP: 7/13
   438 | D        | Noticed a hill giant
   438 | D        | Noticed a tengu warrior
   438 | D        | Noticed a hippogriff
   438 | D        | Noticed a manticore
   440 | D        | Killed a hippogriff
   440 | D        | Reached skill level 10 in Polearms
   440 | D        | Reached skill level 11 in Invocations
   440 | D        | Gained mutation: You have hoof-like feet. [demonic ancestry]
   440 | D        | Reached XP level 7. HP: 32/55 MP: 9/15
   440 | D        | Killed a manticore
   440 | D        | Reached skill level 13 in Invocations
   446 | D        | Killed an unseen horror
   446 | D        | Reached skill level 14 in Invocations
   446 | D        | Gained mutation: You are surrounded by a moderate repulsion field. (EV +3) [demonic ancestry]
   446 | D        | Reached XP level 8. HP: 26/61 MP: 1/19
   448 | D        | Killed a hill giant
   448 | D        | Reached skill level 15 in Invocations
   448 | D        | Reached **** piety under Qazlal
   448 | D        | Reached skill level 16 in Invocations
   485 | D        | HP: 3/61 [tengu warrior/great sword (7)]
   487 | D        | Slain by a tengu warrior

Skill      XL: |  1  2  3  4  5  6  7  8 |
---------------+-------------------------+-----
Polearms       | 4 6 7 9 10 12 | 12.8
Armour         | 2 |  2.7
Dodging        | 3 4 |  4.1
Fighting       | 4 |  4.4
Invocations    | 5 8 10 11 14 16 | 16.0
Stealth        | |  1.7

Action                   |  1- 3 |  4- 6 |  7- 9 || total
-------------------------+-------+-------+-------++-------
Melee: Spear             |    56 |    13 |    38 ||   107
       Kick              |     1 |       |       ||     1
Invok: Upheaval          |       |     3 |     2 ||     5
Evoke: Wand              |       |       |     5 ||     5
  Use: Potion            |     3 |     2 |     3 ||     8
 Stab: Invisible         |       |     4 |       ||     4
Armor: Robe              |     2 |       |       ||     2
       Chain mail        |     4 |     8 |    18 ||    30
Dodge: Dodged            |    27 |    13 |    12 ||    52
Block: Other             |     2 |       |     6 ||     8
